 Dungeon Sprint DCSS version 0.23.2-40-g277498a001 (webtiles) character file.

Game seed: 966757657236458584

221 Groucho the Unseen (level 5, -5/25 HPs)
             Began as a Felid Berserker on Sept 18, 2019.
             Was a Believer of Trog.
             Slain by Sonja
             ... wielding a +0 dagger of distortion
              (6 damage)
             ... in the Dungeon (Sprint I: "Red Sonja").
             The game lasted 00:02:24 (436 turns).

Groucho the Unseen (Felid Berserker)                 Turns: 436, Time: 00:02:26

Health: -5/25      AC:  2    Str: 13    XL:     5   Next: 65%
Magic:  6/6        EV: 22    Int:  9    God:    Trog [**....]
Gold:   297        SH:  0    Dex: 17    Spells: 4/4 levels left
                                        Lives:  0   Deaths: 1

rFire    . . .     SeeInvis +     - Unarmed
rCold    . . .     Gourm    .   (shield unavailable)
rNeg     . . .     Faith    .   (armour unavailable)
rPois    .         Spirit   .   (helmet unavailable)
rElec    .         Reflect  .   (cloak unavailable)
rCorr    .         Harm     .   (gloves unavailable)
MR       .....     NoTele   +   (boots unavailable)
Stlth    +++++++...             (no amulet)
HPRegen  0.08/turn              (no ring)
MPRegen  0.10/turn              (no ring)

@: quick
A: very small, no armour, no weapons or thrown items, stealth, claws 1, fangs 3,
see invisible, carnivore, speed 1, shaggy fur 2, slow metabolism 1, sharp paws
a: Berserk, Trog's Hand, Renounce Religion


You were in the Dungeon.
You worshipped Trog.
Trog was pleased with you.
You were not hungry.

You visited 1 branch You collected 297 gold pieces.

Inventory:

Scrolls
 g - a scroll of blinking
 i - a scroll of enchant weapon {unknown}
Potions
 b - 2 potions of curing
 c - a potion of heal wounds
 d - a potion of haste
 e - 2 potions of magic
 f - a potion of berserk rage
 h - a potion of might
Comestibles
 a - 2 rations


   Skills:
 + Level 4.7 Fighting
 + Level 6.2 Dodging
 + Level 16.8 Stealth
 + Level 4.7 Unarmed Combat


You had 4 spell levels left.
You didn't know any spells.
Your spell library was empty.

Dungeon Overview and Level Annotations

Branches:
Dungeon (1/1)

Altars:
Cheibriados
Dithmenos
Elyvilon
Fedhas
Gozag
Hepliaklqana
Kikubaaqudgha
Nemelex Xobeh
Okawaru
Qazlal
Ru
Sif Muna
Trog
Uskayaw
Vehumet
Wu Jian
Yredelemnul
Zin
The Shining One

Shops:
D [(

Annotations:
D Sonja


Innate Abilities, Weirdness & Mutations

You cannot wear armour.
You are incapable of wielding weapons or throwing items.
Your paws allow you to move quietly. (Stealth)
You have sharp claws.
You have razor-sharp teeth.
You have supernaturally acute eyesight. (SInv)
You are carnivorous and can eat meat at any time.
You cover ground quickly.
You are covered in thick fur. (AC +2)
You have a slow metabolism.
Your sharp claws are effective at attacking unaware monsters.


Message History

Its appearance distorts for a moment.
Sonja hits you with a +0 dagger of distortion.
Sonja hits you but does no damage. Space bends around you. Sonja misses you.
Sonja completely misses you. Sonja closely misses you. Sonja misses you.
You scratch Sonja.
Sonja is lightly wounded.
Sonja closely misses you. Sonja completely misses you.
Sonja hits you with a +0 dagger of distortion.
You feel a strange sense of stasis. Sonja hits you but does no damage.
Space bends around you. Sonja barely misses you.
Sonja hits you with a +0 dagger of distortion!
Space warps horribly around you!
* * * LOW HITPOINT WARNING * * *
You miss Sonja.
Sonja is lightly wounded.
Your skin stops crawling.
You feel less resistant to hostile enchantments.
Sonja completely misses you. Sonja misses you. Sonja completely misses you.
Sonja hits you with a +0 dagger of distortion.
You die...

#<.#.)'..#.)'..#
#..'..#.)'..#..+
#..#####'#####'#
#..####..#...#.#
#..#__####..##.#
#..#_____##'#_.+
#⌠⌠#_.∩..†'.(._#
####_..__##_K#'#
#_____###@#(#
############(###
#∩........'$†$+
###++++####$.$#
##.## #+#


You could see Sonja.

Vanquished Creatures
  Sigmund (D)
  A yak (D)
  An ogre (D)
  A jelly (D)
  Ijyb (D)
5 creatures vanquished.

Notes
Turn   | Place    | Note
-------+----------+-------------------------------------------
     0 | D        | Groucho the Felid Berserker began the quest for the Orb.
     0 | D        | Reached XP level 1. HP: 10/10 MP: 2/2
     2 | D        | Noticed Ijyb
     7 | D        | Killed Ijyb
     7 | D        | Reached skill level 8 in Stealth
     7 | D        | Reached XP level 2. HP: 12/14 MP: 3/3
   322 | D        | Noticed an ogre
   324 | D        | Killed an ogre
   324 | D        | Reached skill level 12 in Stealth
   324 | D        | Reached XP level 3. HP: 17/17 MP: 4/4
   324 | D        | Reached XP level 4. HP: 21/21 MP: 5/5
   341 | D        | Noticed Sigmund
   343 | D        | Killed Sigmund
   343 | D        | Reached ** piety under Trog
   343 | D        | Reached skill level 16 in Stealth
   343 | D        | Reached XP level 5. HP: 24/24 MP: 6/6
   361 | D        | Found a deep blue altar of Sif Muna.
   362 | D        | Found an ornate altar of the Wu Jian Council.
   363 | D        | Found a radiant altar of Vehumet.
   367 | D        | Gained mutation: You are covered in thick fur. (AC +2)
                  | [Felid growth]
   367 | D        | Reached XP level 6. HP: 28/28 MP: 7/7
   406 | D        | Found Judose's Antique Weapon Emporium.
   406 | D        | Found an ancient bone altar of Kikubaaqudgha.
   406 | D        | Found a hazy altar of Hepliaklqana.
   406 | D        | Found a stormy altar of Qazlal.
   406 | D        | Found a hide-covered altar of Uskayaw.
   406 | D        | Found a blossoming altar of Fedhas.
   406 | D        | Found a bloodstained altar of Trog.
   406 | D        | Found an iron altar of Okawaru.
   406 | D        | Found a basalt altar of Yredelemnul.
   406 | D        | Found a glowing golden altar of the Shining One.
   406 | D        | Found a snail-covered altar of Cheibriados.
   406 | D        | Found a sacrificial altar of Ru.
   406 | D        | Found a glowing silver altar of Zin.
   406 | D        | Found a shadowy altar of Dithmenos.
   406 | D        | Found a white marble altar of Elyvilon.
   406 | D        | Noticed a yak
   407 | D        | Found an opulent altar of Gozag.
   408 | D        | Killed a yak
   409 | D        | Found a sparkling altar of Nemelex Xobeh.
   418 | D        | Noticed Sonja
   421 | D        | HP: 1/29 [Sonja/+0 dagger of distortion (16)]
   421 | D        | Slain by Sonja
   422 | D        | Reached XP level 5. HP: -1/25 MP: 6/6
   422 | D        | Found Feilli's Armour Boutique.
   435 | D        | HP: 1/25 [Sonja/+0 dagger of distortion (7)]
   436 | D        | Slain by Sonja

Skill      XL: |  1  2  3  4  5  6 |
---------------+-------------------+-----
Stealth        | 8 12 16 | 16.8
Fighting       | 4 |  4.7
Dodging        | 6 |  6.2
Unarmed Combat | 4 |  4.7

Action                   |  1- 3 |  4- 6 || total
-------------------------+-------+-------++-------
Melee: Unarmed           |     4 |     8 ||    12
       Bite              |     1 |       ||     1
Invok: Berserk           |     1 |       ||     1
       Trog's Hand       |       |     1 ||     1
 Stab: Sleeping          |     2 |     3 ||     5
  Eat: Chunk             |       |     4 ||     4
Armor: Skin              |       |     1 ||     1
Dodge: Dodged            |       |    23 ||    23
